 Dungeon Crawl Stone Soup version 0.30-a0-1082-g70414cbcbb (webtiles) character file.

Game seed: 14499974045611433072

172180 Firecrotchwizard the Apostle (level 17, -7/166 HPs)
             Began as a Hill Orc Monk on Apr 15, 2023.
             Was a High Priest of Beogh.
             Mangled by a spark wasp (15 damage)
             ... on level 2 of the Spider Nest.
             The game lasted 01:43:24 (40521 turns).

Firecrotchwizard the Apostle (Hill Orc Monk)       Turns: 40521, Time: 01:43:24

Health: -7/166     AC: 25    Str: 22    XL:     17   Next: 73%
Magic:  24/27      EV: 13    Int: 13    God:    Beogh [*****.]
Gold:   2374       SH: 14    Dex: 13    Spells: 14/16 levels left

rFire   + . .      SeeInvis .    K - +1 war axe (elec)
rCold   . . .      Faith    .    S - +3 kite shield of Squeaky Wonder {Int+3}
rNeg    . . .      Spirit   .    d - +2 plate armour {rF+}
rPois   +          Reflect  .    (no helmet)
rElec   .          Rampage  .    r - +0 cloak
rCorr   .                        o - +0 pair of gloves
Will    +....                    Q - +1 pair of boots Stlth
                                 (no amulet)
HPRegen 0.47/turn                J - +5 ring of evasion
MPRegen 0.20/turn                i - ring of poison resistance

@: no status effects
A: walk on water, low MP 1
}: 1/15 runes: decaying
a: Renounce Religion, Smiting, Recall Orcish Followers, Give Item to Named
Follower


You were on level 2 of the Spider Nest.
You worshipped Beogh.
Beogh was extremely pleased with you.
You visited 5 branches of the dungeon, and saw 28 of its levels.

You collected 2610 gold pieces.
You spent 236 gold pieces at shops.

Inventory:

Hand Weapons
 K - a +1 war axe of electrocution (weapon)
Missiles
 s - 19 boomerangs (quivered)
 X - 7 throwing nets {@!f}
Armour
 d - a +2 plate armour of fire resistance (worn)
 o - a +0 pair of gloves (worn)
 r - a +0 cloak (worn)
 Q - a +1 pair of boots (worn)
 S - the +3 kite shield of Squeaky Wonder (worn) {Int+3}
   (You took it off a spriggan on level 1 of the Swamp)

   Int:       It affects your intelligence (+3).
Jewellery
 h - a ring of protection from fire
 i - a ring of poison resistance (right hand)
 v - a ring of ice
 E - a ring of see invisible
 J - a +5 ring of evasion (left hand)
Wands
 a - a wand of flame (26)
 w - a wand of polymorph (18)
 D - a wand of charming (26)
 P - a wand of mindburst (29)
 R - a wand of digging (4)
 U - a wand of acid (19)
 Y - a wand of iceblast (15)
Scrolls
 b - a scroll of fear {unknown}
 e - 5 scrolls of summoning
 f - 2 scrolls of fog
 g - 3 scrolls of blinking
 j - 2 scrolls of brand weapon
 l - 4 scrolls of immolation
 q - 3 scrolls of magic mapping
 t - 5 scrolls of teleportation
 A - a scroll of enchant weapon {unknown}
 G - 2 scrolls of torment {unknown}
 M - 2 scrolls of acquirement {unknown}
 N - 3 scrolls of silence
 O - 2 scrolls of enchant armour {unknown}
 T - 4 scrolls of poison
 W - 4 scrolls of vulnerability
Potions
 c - 4 potions of ambrosia
 k - 8 potions of mutation
 m - 7 potions of lignification
 n - 3 potions of brilliance
 p - 3 potions of invisibility
 u - 4 potions of flight
 x - 4 potions of haste
 y - 3 potions of curing
 B - 3 potions of berserk rage
 H - a potion of resistance
 I - 3 potions of magic
 Z - 3 potions of might
Miscellaneous
 z - a phantom mirror
 C - a lightning rod (4/4)
 F - a phial of floods
 V - a condenser vane


   Skills:
 + Level 18.3 Fighting
 - Level 18.6 Axes
 + Level 16.5 Armour
 - Level 6.3 Dodging
 - Level 1.5 Stealth
 + Level 10.3 Shields
 + Level 19.0 Invocations


You had 14 spell levels left.
You knew the following spells:

 Your Spells              Type           Power      Damage    Failure   Level
a - Blink                 Tloc           0%         N/A       100%        2

Your spell library contained the following spells:

 Spells                   Type           Power      Damage    Failure   Level
 Freeze                   Ice            0%         1d3       99%         1
 Magic Dart               Conj           0%         1d3       99%         1
 Call Imp                 Summ           0%         N/A       100%        2
 Cigotuvi's Dreadful Rot  Necr/Pois/Air  0%         N/A       100%        2
 Lesser Beckoning         Tloc           0%         N/A       100%        2
 Momentum Strike          Conj/Tloc      0%         3d8       100%        2
 Poisonous Vapours        Pois/Air       0%         N/A       100%        2
 Searing Ray              Conj           0%         2d4       100%        2
 Sublimation of Blood     Necr           0%         N/A       100%        2
 Dazzling Flash           Conj/Hex       0%         N/A       100%        3
 Frozen Ramparts          Ice            0%         1d1       100%        3
 Hailstorm                Conj/Ice       0%         3d3       100%        3
 Mephitic Cloud           Conj/Pois/Air  0%         N/A       100%        3
 Tukima's Dance           Hex            0%         N/A       100%        3
 Vhi's Electric Charge    Tloc/Air       0%         N/A       100%        3
 Volatile Blastmotes      Fire/Tloc      0%         2d10      100%        3
 Airstrike                Air            0%         2d(0-16)  100%        4
 Anguish                  Hex/Necr       0%         N/A       100%        4
 Animate Dead             Necr           0%         N/A       100%        4
 Cause Fear               Hex            0%         N/A       100%        4
 Dispel Undead            Necr           0%         3d6       100%        4
 Fulminant Prism          Conj/Hex       0%         3d5       100%        4
 Iskenderun's Mystic Bla  Conj/Tloc      0%         2d3       100%        4
 Olgreb's Toxic Radiance  Pois           0%         N/A       100%        4
 Passage of Golubria      Tloc           0%         N/A       100%        4
 Petrify                  Tmut/Erth      0%         N/A       100%        4
 Arcjolt                  Conj/Air       0%         1d10      100%        5
 Freezing Cloud           Conj/Ice/Air   0%         6-21      100%        5
 Irradiate                Conj/Tmut      0%         3d11      100%        5
 Yara's Violent Unravell  Hex/Tmut       0%         3d3       100%        5
 Death Channel            Necr           0%         N/A       100%        6
 Starburst                Conj/Fire      0%         6d3       100%        6
 Summon Cactus Giant      Summ           0%         N/A       100%        6
 Enfeeble                 Hex            0%         N/A       100%        7
 Haunt                    Necr/Summ      0%         N/A       100%        7
 Summon Hydra             Summ           0%         N/A       100%        7
 Discord                  Hex            0%         N/A       100%        8
 Ignition                 Fire           0%         3d3       100%        8
 Infestation              Necr           0%         N/A       100%        8
 Maxwell's Capacitive Co  Air            0%         ∞         100%        8
 Chain Lightning          Conj/Air       0%         N/A       100%        9
 Fire Storm               Conj/Fire      0%         5d1       100%        9
 Shatter                  Erth           0%         3d5*      100%        9


Dungeon Overview and Level Annotations

Branches:
Dungeon (15/15)            Temple (0/1) D:4            Lair (5/5) D:10
  Swamp (4/4) Lair:3       Spider (2/4) Lair:2        Slime (0/5) Lair:4
    Orc (2/2) D:10            Elf (0/3) Orc:2        Vaults (0/5) D:14
 Depths (0/4) D:15

Altars:
Ashenzari
Fedhas
Gozag
Hepliaklqana
Kikubaaqudgha
Makhleb
Nemelex Xobeh
Okawaru
Qazlal
Ru
Sif Muna
Trog
Wu Jian
Yredelemnul
Beogh
Jiyva

Shops:
D:2 (=(:   D:4 *   D:14 :   Orc:1 ?   Orc:2 !*(=

Portals:
Pandemonium: Orc:2

Annotations:
D:8 1 transporter
D:10 4 transporters
Spider:2 1 runed translucent door, SirDiesAlot's ghost, adept DEIE


Innate Abilities, Weirdness & Mutations

You can walk on water.
Your magical capacity is low. (-10% MP)


Message History

You hit the redback. The redback bites you. You block the culicivora's attack.
You block the tarantella's attack.
You slash the tarantella!
You kill the tarantella!
Beogh accepts your kill.
You slice the redback!!
You kill the redback!
Beogh accepts your kill.
You barely miss the culicivora. You block the culicivora's attack.
Your Invocations skill increases to level 19!
You slash the culicivora!
You kill the culicivora!
Beogh accepts your kill.
You start resting.
HP restored.
You see here a culicivora corpse.
A tarantella comes into view.
The tarantella's many legs skitter faintly.
The tarantella barely misses you. You block the tarantella's attack.
You slash the tarantella!
The tarantella is moderately wounded.
You block the tarantella's attack.
You closely miss the tarantella.
The tarantella is moderately wounded.
The tarantella completely misses you.
You closely miss the tarantella.
The tarantella is moderately wounded.
The tarantella touches you but does no damage.
The tarantella closely misses you.
You slash the tarantella!
Lightning courses through the tarantella!
You kill the tarantella!
Beogh accepts your kill.
No target in view!
Found 9 stones.
A tarantella and a spark wasp come into view.
Found 12 gold pieces.
The tarantella's many legs skitter faintly.
The spark wasp buzzes angrily.
The spark wasp bursts into living lightning!
The living lightning misses you.
The spark wasp blinks! x2
You hit the spark wasp but do no damage.
The spark wasp stings you but does no damage.
You barely miss the spark wasp.
The spark wasp stings you but does no damage.
You hit the spark wasp but do no damage.
You hit the tarantella. The tarantella touches you.
You block the spark wasp's attack.
The spark wasp stings you but does no damage.
The tarantella touches you but does no damage.
You closely miss the tarantella.
The tarantella is lightly wounded.
You completely miss the spark wasp. The spark wasp stings you.
The spark wasp shocks you! The tarantella touches you.
You are confused.
You slice the tarantella!!
The tarantella is almost dead.
You slash the spark wasp! The spark wasp stings you! The spark wasp shocks you!
The tarantella touches you but does no damage.
You barely miss the tarantella.
The tarantella is almost dead.
You hit the spark wasp. The tarantella touches you. The spark wasp stings you.
The spark wasp shocks you!
Unknown command.
You bump into the rock wall.
The spark wasp stings you!
* * * LOW HITPOINT WARNING * * *
The spark wasp shocks you!
* * * LOW HITPOINT WARNING * * *
The tarantella completely misses you. The tarantella closely misses you.
The spark wasp stings you but does no damage.
You closely miss the tarantella.
The tarantella is almost dead.
You slash the spark wasp! The tarantella closely misses you.
The spark wasp stings you.
* * * LOW HITPOINT WARNING * * *
The spark wasp shocks you!
* * * LOW HITPOINT WARNING * * *
You bump into the rock wall.
The spark wasp stings you but does no damage.
The tarantella touches you!
* * * LOW HITPOINT WARNING * * *
You bump into the rock wall.
The tarantella touches you.
* * * LOW HITPOINT WARNING * * *
The spark wasp barely misses you.
The tarantella touches you but does no damage.
The spark wasp stings you!
* * * LOW HITPOINT WARNING * * *
The spark wasp shocks you!
* * * LOW HITPOINT WARNING * * *
You feel better. You block the spark wasp's attack.
The tarantella closely misses you.
Aiming: Smiting
Press: ? - help, Dir - move target, f - spark wasp Smite: a spark wasp (moderately wounded)
You smite the spark wasp!!!
The spark wasp is almost dead.
The tarantella closely misses you. The spark wasp stings you!!
* * * LOW HITPOINT WARNING * * *
The spark wasp shocks you!
You die...

# ##. ....# ####
###.. ....# ...
..^$ .... #. ...
... ..##. #.. ..
s.... #..#. #
#sy# # #@## #
##.## .###
##.### ......
##..### ....##.
#....### .^.##.
#^###..## .....
#.###....###....
#. #.......#...#
.##.......#...##


You could see a spark wasp and a tarantella.

Vanquished Creatures
  A thorn hunter (Swamp:3)
  Kirke (D:14)
  Louise (Swamp:1)
  A broodmother (Spider:1)
  4 bunyips
  3 eleionomae
  Josephine (Lair:3)
  4 entropy weavers
  7 hydras
  A spriggan skeleton (D:15)
  9 alligators
  2 catoblepae
  7 centaur warriors
  2 tengu warriors (D:14)
  5 boulder beetles
  4 death yaks (Lair:5)
  5 two-headed ogres
  A vampire mage (D:15)
  An orc high priest (Orc:1)
  4 skeletal warriors
  A fire crab (shapeshifter) (D:14)
  A skyshark (Lair:5)
  3 sun demons (D:15)
  A soul eater (D:15)
  7 goliath frogs
  2 orb spiders
  2 spriggan druids (Swamp:1)
  3 bog bodies
  A deep elf archer (D:14)
  A lindwurm (Lair:5)
  10 swamp dragons
  2 orc knights
  Pikel (D:5)
  A wizard (D:14)
  A necromancer (D:15)
  A harpy (shapeshifter) (D:15)
  A tengu skeleton (D:15)
  4 wolf spiders
  3 steelbarb worms
  A mana viper (shapeshifter) (D:14)
  2 deep elf pyromancers (D:15)
  3 cyclopes (D:14)
  3 will-o-the-wisps
  5 manticores
  3 ugly things
  19 elephants
  6 black mambas (Lair:5)
  A fire giant skeleton (D:15)
  A smoke demon (Orc:2)
  3 orange demons
  10 cane toads
  An unseen horror (D:11)
  A spriggan zombie (D:15)
  A demonic crawler (Spider:1)
  2 efreet
  A kobold demonologist (D:11)
  A tengu conjurer (D:13)
  A rime drake (Lair:3)
  A freezing wraith (D:14)
  12 komodo dragons
  2 hellwings (D:15)
  2 meliai (shapeshifter)
  A hornet (shapeshifter) (D:13)
  6 meliai
  10 hornets
  5 trolls
  9 polar bears
  7 tyrant leeches
  20 blink frogs
  6 tarantellas
  A blink frog (shapeshifter) (D:14)
  Prince Ribbit (D:9)
  2 dream sheep (Lair:5)
  A raiju (Lair:5)
  15 jumping spiders
  A shadow (D:10)
  13 slime creatures
  A ynoxinul (Orc:2)
  A spriggan (shapeshifter) (D:14)
  39 yaks
  8 culicivoras
  A vampire (D:10)
  9 spriggans
  4 wyverns
  2 hogs (D:14)
  2 basilisks
  8 wraiths
  A human (D:13)
  An unseen horror simulacrum (D:8)
  17 redbacks
  4 vampire mosquitoes (D:12)
  2 neqoxecs (D:15)
  4 steam dragons
  Menkaure (D:4)
  13 swamp worms
  3 wargs
  An acid dragon (D:10)
  10 water moccasins
  Duvessa (D:4)
  8 hell hounds (Lair:5)
  9 swamp drakes
  An ice beast (D:6)
  5 orc warriors
  8 black bears
  2 sky beasts (D:7)
  21 wolves
  3 ogres
  13 centaurs
  A lemure (D:5)
  3 phantoms
  4 kobold brigands
  8 bullfrogs
  3 gnoll sergeants
  2 scorpions (D:5)
  2 hornet simulacra (D:8)
  7 wights
  Dowan (D:4)
  17 killer bees
  6 electric eels
  6 howler monkeys
  A wyvern simulacrum (D:8)
  A centaur zombie (D:8)
  2 jellies
  8 orc priests
  2 hounds
  2 gnoll boudas
  Natasha (twice) (D:4)
  2 orc wizards
  A killer bee zombie (D:8)
  2 centaur simulacra
  A killer bee simulacrum (D:8)
  8 adders
  18 gnolls
  5 white imps
  5 worms
  4 dart slugs
  20 orcs
  5 bats
  5 endoplasms
  5 giant cockroaches
  5 goblins
  3 hobgoblins
  3 jackals (D:4)
  5 quokkas
  6 ball pythons
  4 frilled lizards
  24 kobolds
  3 rats
  2 briar patches (Swamp:3)
  A bush (Lair:5)
708 creatures vanquished.

Vanquished Creatures (collateral kills)
  Nessos (D:13)
  3 bunyips
  Snorg (Orc:2)
  A shambling mangrove (Swamp:1)
  Harold (D:10)
  15 hydras
  2 demonspawn (Orc:2)
  2 boulder beetles
  A two-headed ogre (D:13)
  A centaur warrior (D:10)
  3 death yaks (Lair:5)
  An alligator (Swamp:1)
  2 death knights
  2 tengu warriors
  2 orc high priests (Orc:2)
  A goliath frog (Swamp:2)
  Amaemon (D:8)
  A skeletal warrior (D:14)
  2 swamp dragons (Swamp:3)
  4 spriggan druids (Swamp:3)
  2 bog bodies (Swamp:3)
  3 orc knights
  9 ugly things (D:13)
  A deep elf pyromancer (D:13)
  5 orc sorcerers (Orc:2)
  2 cyclopes (D:12)
  A will-o-the-wisp (Swamp:1)
  2 manticores (D:13)
  2 elephants (Lair:5)
  2 black mambas
  A cane toad (Lair:1)
  2 komodo dragons (Lair:1)
  2 polar bears (Lair:5)
  A hornet (Swamp:1)
  2 tyrant leeches
  2 trolls
  A hellwing (Orc:2)
  A blink frog (Lair:1)
  A spriggan (Swamp:3)
  3 wyverns
  A wraith (D:10)
  10 yaks
  A ynoxinul (D:14)
  3 basilisks
  14 humans
  3 vampire mosquitoes
  A swamp worm (Swamp:2)
  3 water moccasins
  5 wargs
  2 acid dragons (D:10)
  6 hell hounds (Lair:5)
  2 swamp drakes (Swamp:3)
  6 orc warriors
  5 black bears (Lair:5)
  An ogre (Orc:2)
  6 wolves (Lair:5)
  2 centaurs
  A kobold brigand (D:10)
  2 bullfrogs (Lair:1)
  2 gnoll sergeants
  4 wights
  A killer bee (D:10)
  A howler monkey (D:11)
  11 orc priests
  4 orc wizards
  2 gnolls
  11 orcs
202 creatures vanquished.

Vanquished Creatures (others)
  An orc knight (Swamp:1)
  2 orc high priests (Orc:2)
  2 orc sorcerers (Orc:2)
  2 bloated husks
  A hornet (Swamp:3)
  4 humans (D:14)
  12 orc warriors
  11 orc priests
  11 orc wizards
  38 orcs
  A briar patch (Swamp:3)
  4 demonic plants (D:15)
  24 foxfires
  43 fungi
  75 plants
  17 withered plants
248 creatures vanquished.

Grand Total: 1158 creatures vanquished

Notes
Turn   | Place    | Note
-------+----------+-------------------------------------------
     0 | D:1      | Firecrotchwizard the Hill Orc Monk began the quest for the
                  | Orb.
     0 | D:1      | Reached XP level 1. HP: 19/19 MP: 1/1
   138 | D:1      | Reached XP level 2. HP: 24/27 MP: 2/2
   216 | D:1      | Reached skill level 1 in Armour
   223 | D:2      | Found Siepu's Weapon Shoppe.
   238 | D:2      | Reached XP level 3. HP: 15/33 MP: 3/3
   321 | D:2      | Reached skill level 5 in Axes
   321 | D:2      | Found Zoas's Antique Weapon Emporium.
   399 | D:2      | Found Diodakh's Jewellery Emporium.
   432 | D:2      | Found an iron altar of Okawaru.
   527 | D:2      | Found Foewon's Book Shop.
   555 | D:2      | Reached XP level 4. HP: 37/40 MP: 4/4
   651 | D:3      | Found a burning altar of Makhleb.
  1534 | D:4      | Reached XP level 5. HP: 39/47 MP: 5/5
  1547 | D:4      | Found a staircase to the Ecumenical Temple.
  1548 | D:4      | Became a worshipper of Beogh the Brigand
  1548 | D:4      | Reached * piety under Beogh
  1548 | D:4      | Reached ** piety under Beogh
  1551 | D:4      | Noticed a phantom
  1574 | D:4      | Killed a phantom
  1575 | D:4      | Reached skill level 5 in Fighting
  1575 | D:4      | Reached XP level 6. HP: 54/56 MP: 6/6
  1739 | D:4      | Noticed Duvessa
  1739 | D:4      | Noticed Dowan
  1751 | D:4      | Killed Duvessa
  1757 | D:4      | Killed Dowan
  1758 | D:4      | Reached XP level 7. HP: 28/57 MP: 0/7
  1900 | D:4      | Noticed Menkaure
  1905 | D:4      | Killed Menkaure
  1906 | D:4      | Reached skill level 1 in Invocations
  2050 | D:4      | Found Cetex's General Store.
  2051 | D:4      | Noticed Natasha
  2058 | D:4      | Killed Natasha
  2072 | D:4      | Bought a scroll of teleportation for 36 gold pieces
  2140 | D:4      | Found an ornate altar of the Wu Jian Council.
  2178 | D:4      | Noticed Natasha
  2187 | D:4      | Killed Natasha
  2381 | D:5      | Entered Level 5 of the Dungeon
  2415 | D:5      | Noticed Pikel
  2442 | D:5      | Killed Pikel
  2443 | D:5      | Reached skill level 3 in Invocations
  2443 | D:5      | Reached XP level 8. HP: 37/71 MP: 8/10
  3088 | D:5      | Reached skill level 5 in Armour
  3200 | D:5      | Reached skill level 4 in Invocations
  3421 | D:6      | Reached skill level 10 in Axes
  3547 | D:6      | Found an iron altar of Okawaru.
  3605 | D:6      | Found a sparkling altar of Nemelex Xobeh.
  3912 | D:6      | Reached XP level 9. HP: 60/79 MP: 12/12
  4069 | D:6      | Found a hazy altar of Hepliaklqana.
  4257 | D:6      | Reached skill level 5 in Invocations
  4805 | D:7      | Reached *** piety under Beogh
  4990 | D:7      | Reached skill level 6 in Invocations
  5057 | D:7      | Identified the +11 dagger of the Majestic God {heavy, rN+
                  | Will- Str+3 SInv}
  5927 | D:8      | Reached XP level 10. HP: 72/90 MP: 14/14
  6186 | D:8      | Reached skill level 7 in Invocations
  6253 | D:8      | Found a sacrificial altar of Ru.
  6331 | D:8      | Gained Urtork as an ally
  6333 | D:8      | Your ally Urtork died
  7092 | D:8      | Found a transporter.
  7129 | D:8      | Noticed an orange demon
  7130 | D:8      | Noticed Amaemon
  7141 | D:8      | Killed Amaemon
  7147 | D:8      | Killed an orange demon
  7148 | D:8      | Reached skill level 8 in Invocations
  7295 | D:8      | Found an opulent altar of Gozag.
  7386 | D:8      | Reached **** piety under Beogh
  7506 | D:8      | Found a basalt altar of Yredelemnul.
  8359 | D:9      | Found a stormy altar of Qazlal.
  8360 | D:9      | Found a shimmering blue altar of Sif Muna.
  8401 | D:9      | Noticed Prince Ribbit
  8407 | D:9      | Killed Prince Ribbit
  8410 | D:9      | Gained Thorok as an ally
  8585 | D:9      | Gained Boruk as an ally
  8585 | D:9      | Your ally Boruk died
  8590 | D:9      | Reached XP level 11. HP: 71/99 MP: 17/17
  8617 | D:9      | Found a broken altar of Ashenzari.
  9221 | D:10     | Entered Level 10 of the Dungeon
  9273 | D:10     | Found an ancient bone altar of Kikubaaqudgha.
  9360 | D:10     | Reached skill level 10 in Fighting
  9416 | D:10     | Found a roughly hewn altar of Beogh.
  9416 | D:10     | Found a staircase to the Orcish Mines.
  9481 | D:10     | Reached skill level 9 in Invocations
  9514 | D:10     | Found a staircase to the Lair.
  9525 | D:10     | Noticed a two-headed ogre
  9527 | D:10     | Killed a two-headed ogre
  9662 | D:10     | Noticed a manticore
  9670 | D:10     | Killed a manticore
  9674 | D:10     | Reached skill level 15 in Axes
  9897 | D:10     | Got the Opusculum on Creative Feathers
  9962 | D:10     | Noticed a two-headed ogre
  9966 | D:10     | Killed a two-headed ogre
 10245 | D:10     | Noticed a centaur warrior
 10252 | D:10     | Killed a centaur warrior
 10307 | D:10     | Found a transporter.
 10318 | D:10     | Found a transporter.
 10325 | D:10     | Reached skill level 10 in Invocations
 10333 | D:10     | Found a transporter.
 10373 | D:10     | Reached ***** piety under Beogh
 10374 | D:10     | Reached XP level 12. HP: 100/110 MP: 19/19
 10447 | D:10     | Found a transporter.
 10550 | Lair:1   | Entered Level 1 of the Lair of Beasts
 10550 | Lair:1   | Noticed Harold
 10564 | D:10     | Killed Harold
 11693 | Lair:1   | Reached skill level 10 in Armour
 11958 | Lair:1   | Reached skill level 11 in Invocations
 12055 | Lair:1   | Gained Bogdan as an ally
 12644 | Lair:2   | Identified the +7 shortbow "Wukaac" {freeze, rF++ Str+3
                  | Int-5}
 12978 | Lair:2   | Found a hole to the Spider Nest.
 14737 | Lair:3   | Reached XP level 13. HP: 113/118 MP: 21/21
 14799 | Lair:3   | Reached skill level 12 in Invocations
 15093 | Lair:3   | Found a staircase to the Swamp.
 15116 | Lair:3   | Noticed Josephine
 15120 | Lair:3   | Killed Josephine
 16827 | Lair:4   | Found a viscous altar of Jiyva.
 16827 | Lair:4   | Found a staircase to the Slime Pits.
 17374 | Lair:5   | Entered Level 5 of the Lair of Beasts
 17482 | Lair:5   | Reached skill level 13 in Invocations
 17996 | Lair:5   | Gained Brandogh as an ally
 18173 | Lair:5   | Reached XP level 14. HP: 127/129 MP: 24/24
 18623 | Lair:5   | Reached skill level 14 in Invocations
 18630 | Lair:5   | Reached skill level 5 in Dodging
 21756 | D:12     | Reached skill level 15 in Invocations
 21955 | D:12     | Gained Wardok as an ally
 22001 | D:12     | Reached XP level 15. HP: 125/139 MP: 26/26
 22082 | D:12     | Reached ****** piety under Beogh
 22119 | D:12     | Reached skill level 15 in Fighting
 22447 | D:12     | Gained Bogwik as an ally
 22838 | D:13     | Reached skill level 1 in Shields
 23757 | D:13     | Identified the +12 spear of a Billion Defenders {flame,
                  | Int-4 Dex+4}
 24549 | D:14     | Noticed Urug
 24549 | D:14     | Noticed Nessos
 24549 | D:14     | Found a gate to the Vaults.
 24556 | D:13     | Killed Nessos
 24874 | D:14     | Found Wuomizala's Book Emporium.
 24951 | D:14     | Learned a level 2 spell: Blink
 25025 | D:14     | Noticed Kirke
 25029 | D:14     | Killed Kirke
 25126 | D:14     | Reached skill level 16 in Invocations
 25661 | D:15     | Entered Level 15 of the Dungeon
 25845 | D:14     | Reached skill level 5 in Shields
 26563 | D:15     | Gained mutation: Your magical capacity is low. (-10% MP) [a
                  | neqoxec]
 26652 | D:15     | Found a staircase to the Depths.
 27271 | D:14     | Upgraded the game from 0.30-a0-1075-gcd70e7a56d to
                  | 0.30-a0-1082-g70414cbcbb
 27810 | D:15     | Reached XP level 16. HP: 66/147 MP: 25/25
 28624 | D:15     | Found a blossoming altar of Fedhas.
 28849 | Orc:1    | Entered Level 1 of the Orcish Mines
 28987 | Orc:1    | Found a roughly hewn altar of Beogh.
 29031 | Orc:1    | Found Gedoenni's Magic Scroll Shop.
 29056 | Orc:1    | Gained Orik as an ally
 29181 | Orc:1    | Noticed Nergalle
 29298 | Orc:1    | Found a bloodstained altar of Trog.
 29515 | Orc:2    | Entered Level 2 of the Orcish Mines
 29515 | Orc:2    | Found a staircase to the Elven Halls.
 29550 | Orc:2    | Found Lol Vifo's Distillery.
 29553 | Orc:2    | Found Goephilu's General Store.
 29564 | Orc:2    | Gained Zartorak as an ally
 29747 | Orc:2    | Noticed Snorg
 29749 | Orc:2    | Killed Snorg
 30169 | Orc:2    | Reached skill level 17 in Invocations
 30189 | Orc:2    | Reached skill level 15 in Armour
 30426 | Orc:2    | Found Vovyt's Antique Weapon Boutique.
 30426 | Orc:2    | Found Hofohesa's Jewellery Shop.
 30427 | Orc:2    | Found a one-way gate leading to the halls of Pandemonium.
 30431 | Orc:2    | Bought a ring of poison resistance for 200 gold pieces
 30690 | Swamp:1  | Entered Level 1 of the Swamp
 30984 | Swamp:1  | Identified the +3 kite shield of Squeaky Wonder {Int+3}
 31459 | Swamp:1  | Noticed Louise
 31463 | Swamp:1  | Killed Louise
 32150 | Swamp:1  | You fall into a shaft and drop 1 floor!
 34645 | Swamp:3  | Reached skill level 18 in Invocations
 34788 | Swamp:3  | Reached XP level 17. HP: 56/162 MP: 23/27
 35872 | Swamp:4  | Entered Level 4 of the Swamp
 37557 | Swamp:4  | Got a decaying rune of Zot
 37726 | Spider:1 | Entered Level 1 of the Spider Nest
 38928 | Spider:1 | Reached skill level 10 in Shields
 39849 | Spider:2 | Noticed SirDiesAlot's ghost (adept DEIE)
 39849 | Spider:2 | Found a runed translucent door.
 40462 | Spider:2 | Reached skill level 19 in Invocations
 40521 | Spider:2 | HP: 8/166 [spark wasp (20)]
 40521 | Spider:2 | Mangled by a spark wasp

Illustrated notes

Levels and vault maps discovered:
D:1:      dpeg_arrival_arbitrary_b, layout_rooms, serial_corexii_hall,
          corexii_hall_statues_i, chequers_hall_statues_corner_a,
          corexii_hall_statues_s
D:2:      layout_rooms, serial_shops, nicolae_shop_bloodbath_and_beyond,
          nicolae_shop_waterfront, shop, shop, shop, basic_altar
D:3:      layout_basic, bloody_makhleb, minmay_starry_boxes,
          uniq_crazy_yiuf_cottage
D:4:      layout_basic, pdpol_wu_jian_five_deadly_venoms,
          minmay_temple_entry_waves, serial_shops, shop, uniq_natasha,
          uniq_duvessa, uniq_menkaure
D:5:      layout_basic, uniq_pikel
D:6:      layout_basic, marbit_many_paths, general_overflow_altar,
          okawaru_trees_1
D:7:      layout_basic
D:8:      layout_loops_ring, amcnicky_altar_gilded,
          lemuel_coloured_pillars_altar, lemuel_zombie_altar_yredelemnul,
          serial_ice, serial_ice_k, serial_ice_c, serial_ice_d, serial_ice_a,
          serial_ice_g, serial_ice_m, serial_ice_b,
          minmay_misc_feat_more_columns, nicolae_diode_basic, uniq_amaemon
D:9:      layout_long_grid, mainiacjoe_overflow_divided_tiny,
          lemuel_crystal_altar, minmay_misc_feat_four_crosses,
          mrwooster_statue_mirror, uniq_prince_ribbit1
D:10:     nzn_winding_woodlands_medium [nzn_winding_woodlands_5x5_cross,
          nzn_winding_woodlands_5x15_parted,
          nzn_winding_woodlands_5x5_checkerboard,
          nzn_winding_woodlands_5x5_closed_star,
          nzn_winding_woodlands_center_pierced_h,
          nzn_winding_woodlands_hourglass, nzn_winding_woodlands_5x5_three,
          nzn_winding_woodlands_5x15_default,
          nzn_winding_woodlands_5x5_open_star], layout_irregular_city,
          nicolae_kikubaaqudgha_miasma_corner, david_orc_5,
          nicolae_transporter_intersection
D:11:     layout_stronghold
D:12:     layout_loops_cross, serial_glass, glass_columns_c, glass_columns_b
D:13:     layout_irregular_city, st_stairs_5, minmay_fractal_squares_diagonal_5
D:14:     minmay_connected_triangles_in_corner, layout_basic, david_vaults_3,
          serial_shops, shop, chequers_serial_rivers_room_a, uniq_kirke
D:15:     gammafunk_depths_entry_grave, layout_stronghold, serial_demonic,
          serial_demonic_b, serial_demonic_d, serial_demonic_f,
          serial_demonic_b, serial_demonic_c, fedhas_altar_1, st_stairs_7
Lair:1:   layout_layer_cave, columned_hall_lemuel,
          hangedman_lair_unloving_vines, lemuel_old_faithful,
          infiniplex_staircase_pool_2, lemuel_fruit_tree, uniq_harold
Lair:2:   layout_cave_pods, nicolae_spider_entry_orb_guardian
Lair:3:   layout_regular_city, swamp_mist_pool, serial_bayou_shore_a,
          uniq_josephine
Lair:4:   layout_loops_ring, dpeg_slime_entry_corner, serial_bayou_lagoon_b
Lair:5:   hangedman_lair_caniforms_friends, layout_regular_city,
          hangedman_lair_in_review, gauntlet_entry_generic
Swamp:1:  layout_basic_swamp, nicolae_swamp_dense_foliage, swamp_pool4,
          st_swamp_ruins_1, uniq_louise
Swamp:2:  layout_basic_swamp, evilmike_swamp_ruin_house_2
Swamp:3:  cheibrodos_swamp_heart_of_darkness, layout_basic_swamp,
          hangedman_swamp_ruin_wall
Swamp:4:  swamp, layout_basic_swamp, swamp_pool2, infiniplex_staircase_pool
Spider:1: layout_cave_pods, nicolae_spider_webbed_stairs
Spider:2: layout_cave_pods, gammafunk_ghost_grave,
          hangedman_spider_tarantella_strand
Orc:1:    layout_caves, basic_altar, serial_shops, nicolae_shop_tiny_glass,
          bh_open_orc_temple, uniq_nergalle
Orc:2:    pf_orc_diabolical, layout_caves, uniq_snorg

Skill      XL: |  1  2  3  4  5  6  7  8  9 10 11 12 13 14 15 16 17 |
---------------+----------------------------------------------------+-----
Armour         | 1 2 3 4 5 6 8 9 10 12 13 14 15 16 | 16.5
Fighting       | 4 5 6 7 8 9 11 12 13 14 16 17 18 | 18.3
Axes           | 5 6 7 9 10 12 14 16 17 18 | 18.6
Invocations    | 3 4 6 8 10 11 13 15 16 18 19 | 19.0
Dodging        | 4 6 |  6.3
Shields        | 5 8 10 | 10.3
Stealth        | |  1.5

Action                     |  1- 3 |  4- 6 |  7- 9 | 10-12 | 13-15 | 16-18 || total
---------------------------+-------+-------+-------+-------+-------+-------++-------
  Melee: Hand axe          |    80 |    53 |   177 |    49 |       |       ||   359
         Mace              |       |    54 |    67 |       |       |       ||   121
         Whip              |       |     4 |       |       |       |       ||     4
         War axe           |       |       |       |   382 |   890 |   930 ||  2202
 Invoke: Convert to Beogh  |       |     1 |       |       |       |       ||     1
         Smiting           |       |     2 |     1 |     8 |    29 |    26 ||    66
         Recall Orcish Fol |       |       |       |     4 |     9 |     5 ||    18
         Give Item to Name |       |       |       |       |     1 |       ||     1
  Evoke: Lightning rod     |       |       |       |       |     1 |       ||     1
         Wand              |       |       |       |       |       |     1 ||     1
         Condenser vane    |       |       |       |       |       |     1 ||     1
    Use: Scroll            |       |       |       |     8 |    13 |     6 ||    27
         Potion            |       |       |       |       |     3 |    10 ||    13
   Stab: Sleeping          |       |     1 |       |       |       |       ||     1
         Distracted        |       |       |     1 |     5 |     5 |     6 ||    17
         Confused          |       |       |       |       |       |     1 ||     1
 Armour: Robe              |     9 |     2 |       |       |       |       ||    11
         Scale mail        |       |    26 |    92 |    39 |       |       ||   157
         Chain mail        |       |       |       |   131 |    41 |       ||   172
         Plate armour      |       |       |       |       |   476 |   630 ||  1106
  Dodge: Dodged            |    54 |    76 |   114 |   338 |   596 |   532 ||  1710
  Block: Kite shield       |       |       |       |       |   198 |   704 ||   902

Table legend: (Time is in decaauts)
 A = Elapsed time spent in this place.
 B = Non-inter-level travel time spent in this place.
 C = Inter-level travel time spent in this place.
 D = Time resting spent in this place.
 E = Time spent auto-exploring this place.
 F = Levels seen in this place.
 G = Mean time per level.
                   A        B        C        D        E       F      G
               +--------+--------+--------+--------+--------+-----+--------+
         Total |  40206 |  38611 |   1595 |  13584 |  18784 |  28 | 1435.9 |
       Dungeon |  19706 |  18728 |    978 |   5629 |   9942 |  15 | 1313.7 |
          Lair |   9510 |   9184 |    326 |   2998 |   4886 |   5 | 1902.0 |
         Swamp |   6910 |   6754 |    156 |   3633 |   1971 |   4 | 1727.5 |
   Spider Nest |   2317 |   2251 |     66 |   1032 |    843 |   2 | 1158.5 |
  Orcish Mines |   1761 |   1694 |     67 |    291 |   1141 |   2 |  880.5 |
               +--------+--------+--------+--------+--------+-----+--------+

Top non-repeatable levels by time:
 Swamp:1: 3009 daAuts
    D:15: 2372 daAuts
  Lair:2: 2292 daAuts
  Lair:5: 2272 daAuts
     D:8: 2181 daAuts
Spider:1: 2001 daAuts
    D:13: 1925 daAuts
  Lair:3: 1916 daAuts
    D:10: 1727 daAuts
    D:14: 1678 daAuts
  Lair:1: 1625 daAuts
 Swamp:3: 1530 daAuts
 Swamp:4: 1529 daAuts
    D:11: 1443 daAuts
  Lair:4: 1403 daAuts
